 Dungeon Crawl Stone Soup version 0.26.1-2-gb8aa6d0cf2 (webtiles) character file.

Game seed: 13368263477590653262

5359 DwarfAlpaca the Carver (level 10, -2/85 HPs)
             Began as a Barachi Fighter on Mar 30, 2021.
             Was a Believer of Cheibriados.
             Killed by divine providence
             ... invoked by a meliai
              (9 damage)
             ... on level 9 of the Dungeon.
             The game lasted 00:32:15 (8215 turns).

DwarfAlpaca the Carver (Barachi Fighter)            Turns: 8215, Time: 00:32:16

Health: -2/85      AC: 15    Str: 24    XL:     10   Next: 65%
Magic:  10/10      EV:  7    Int: 13    God:    Cheibriados [**....]
Gold:   593        SH: 14    Dex: 16    Spells: 9/9 levels left

rFire    . . .     SeeInvis .   H - +8 scimitar (flame)
rCold    . . .     Faith    .   c - +0 kite shield
rNeg     . . .     Spirit   .   A - +3 scale mail
rPois    +         Reflect  .   g - +0 helmet
rElec    .         Harm     .   (no cloak)
rCorr    .         Rampage  .   (no gloves)
Will     .....                  (no boots)
Stlth    ..........             e - amulet of regeneration
HPRegen  0.64/turn              (no ring)
MPRegen  0.12/turn              B - ring of poison resistance

@: very slow
A: +LOS, swims, large bone plates 1, yellow scales 1, slowness 1, strong legs 1
a: Hop, Renounce Religion, Bend Time


You were on level 9 of the Dungeon.
You worshipped Cheibriados.
Cheibriados was pleased with you.
You visited 2 branches of the dungeon, and saw 10 of its levels.

You collected 593 gold pieces.

Inventory:

Hand Weapons
 H - a +8 scimitar of flaming (weapon)
Missiles
 n - 2 silver javelins (quivered)
Armour
 c - a +0 kite shield (worn)
 g - a +0 helmet (worn)
 A - a +3 scale mail (worn)
Jewellery
 e - an amulet of regeneration (around neck)
 B - a ring of poison resistance (right hand)
Wands
 r - a wand of acid (7)
 u - a wand of polymorph (29)
 D - a wand of iceblast (9)
 G - a wand of flame (15)
Scrolls
 a - a scroll of noise {unknown}
 f - 2 scrolls of fog {unknown}
 h - a scroll of magic mapping
 j - 6 scrolls of remove curse
 k - 3 scrolls of enchant armour {unknown}
 m - 5 scrolls of amnesia {unknown}
 o - a scroll of fear {unknown}
 q - a scroll of immolation {unknown}
 t - 3 scrolls of teleportation {unknown}
 v - 9 scrolls of identify
 w - 2 scrolls of blinking {unknown}
 y - a scroll of torment {unknown}
 C - a scroll of vulnerability {unknown}
 E - 2 scrolls of random uselessness {unknown}
Potions
 b - 2 potions of mutation
 d - a potion of might
 i - a potion of attraction
 l - 4 potions of curing
 p - a potion of flight
 s - a potion of invisibility {unknown}
 x - a potion of haste {unknown}
 z - a potion of degeneration {unknown}
 F - a potion of lignification


   Skills:
 + Level 9.9 Fighting
 * Level 12.9 Long Blades
 + Level 9.9 Armour
 - Level 3.2 Shields


You had 9 spell levels left.
You didn't know any spells.
Your spell library contained the following spells:

 Spells                   Type           Power        Failure   Level
 Magic Dart               Conj           0%           96%         1
 Shock                    Conj/Air       0%           96%         1
 Searing Ray              Conj           0%           99%         2
 Swiftness                Air            0%           99%         2
 Dazzling Flash           Conj/Hex       0%           100%        3
 Static Discharge         Conj/Air       0%           100%        3
 Airstrike                Air            0%           100%        4
 Fulminant Prism          Conj/Hex       0%           100%        4
 Iskenderun's Mystic Bla  Conj/Tloc      0%           100%        4
 Lightning Bolt           Conj/Air       0%           100%        5


Dungeon Overview and Level Annotations

Branches:
Dungeon (9/15)             Temple (1/1) D:6             Orc (0/2) D:9
   Lair: D:8-11

Altars:
Ashenzari
Cheibriados
Dithmenos
Elyvilon
Fedhas
Gozag
Hepliaklqana
Kikubaaqudgha
Makhleb
Nemelex Xobeh
Okawaru
Qazlal
Ru
Sif Muna
Trog
Uskayaw
Vehumet
Wu Jian
Xom
Yredelemnul
Zin
The Shining One

Shops:
D:5 [


Innate Abilities, Weirdness & Mutations

You can be seen from farther away. (+LOS)
You can swim through water.
You cover ground slowly.
You can hop short distances.
You are partially covered in large bone plates. (SH +4)
You are partially covered in yellow scales. (AC +2)


Message History

The meliai's wounds heal themselves!
You block the meliai's attack.
The meliai stings you but does no damage.
The meliai hits you but does no damage. You block the meliai's attack.
The meliai hits you but does no damage. You block the meliai's attack.
The meliai hits you with a +0 war axe. The meliai barely misses you.
You block the meliai's attack. The meliai barely misses you.
The bullfrog hits you.
The meliai invokes the aid of its god against you.
Something smites you! The meliai hits you but does no damage.
The meliai stings you.
* * * LOW HITPOINT WARNING * * *
The meliai hits you with a +0 hand axe!
* * * LOW HITPOINT WARNING * * *
The meliai stings you.
* * * LOW HITPOINT WARNING * * *
The bullfrog hits you but does no damage.
The meliai calls down the wrath of its god upon you.
Something smites you!
You die...

........#####....#
............#....#
..........h.#....###
........Z####......#
.#+#####.'.........#
#.#.........# +.#.........#
.###...yy....############
........y@................
.........F.................
...........................
................>>.........
...........................
...........................
............############...
########...# #... #..(#
#...


You could see 3 meliai, a bullfrog and a hobgoblin zombie.

Vanquished Creatures
  Erica (D:8)
  Joseph (D:8)
  Prince Ribbit (D:5)
  A shadow (D:9)
  A wyvern (D:8)
  Duvessa (D:5)
  5 orc warriors
  4 ice beasts
  2 sky beasts
  2 phantoms
  5 ogres
  A centaur (D:7)
  5 bullfrogs
  Dowan (D:5)
  2 wyvern skeletons (D:9)
  A troll zombie (D:9)
  A scorpion (D:7)
  4 killer bees (D:7)
  6 wights
  2 howler monkeys
  A bullfrog zombie (D:5)
  2 bullfrog skeletons (D:7)
  A quasit (D:7)
  7 orc wizards
  4 hounds
  A jelly (D:7)
  5 orc priests
  An iguana (D:5)
  2 worker ants
  A killer bee zombie (D:8)
  2 ogre zombies (D:9)
  12 adders
  A shadow imp (D:4)
  A white imp (D:6)
  4 oozes
  3 adder skeletons
  2 adder zombies
  5 worms
  A dart slug (D:1)
  7 leopard geckos
  60 orcs
  6 giant cockroaches
  11 goblins
  8 hobgoblins
  8 jackals
  7 quokkas
  8 bats
  10 frilled lizards
  2 goblin zombies (D:9)
  A hobgoblin skeleton (D:9)
  3 hobgoblin zombies (D:9)
  7 kobolds
  A leopard gecko skeleton (D:7)
  A leopard gecko zombie (D:5)
  2 orc skeletons (D:9)
  6 orc zombies (D:9)
  A quokka zombie (D:6)
  8 rats
260 creatures vanquished.

Vanquished Creatures (others)
  5 plants (D:6)
5 creatures vanquished.

Grand Total: 265 creatures vanquished

Notes
Turn   | Place    | Note
-------+----------+-------------------------------------------
     0 | D:1      | DwarfAlpaca the Barachi Fighter began the quest for the
                  | Orb.
     0 | D:1      | Reached XP level 1. HP: 18/18 MP: 1/1
   102 | D:1      | Reached XP level 2. HP: 25/25 MP: 2/2
   156 | D:1      | Reached skill level 3 in Long Blades
   312 | D:1      | Reached XP level 3. HP: 30/30 MP: 3/3
   636 | D:2      | Reached skill level 4 in Long Blades
   691 | D:2      | Reached XP level 4. HP: 32/37 MP: 4/4
  1254 | D:3      | Reached XP level 5. HP: 34/43 MP: 5/5
  1479 | D:3      | Reached skill level 5 in Long Blades
  1838 | D:4      | Noticed an ogre
  1856 | D:3      | Killed an ogre
  1857 | D:3      | Reached skill level 5 in Fighting
  1857 | D:3      | Reached skill level 5 in Armour
  1857 | D:3      | Reached XP level 6. HP: 24/51 MP: 6/6
  1979 | D:4      | Noticed a phantom
  1995 | D:4      | Killed a phantom
  1996 | D:4      | Reached skill level 6 in Long Blades
  2048 | D:4      | Reached XP level 7. HP: 23/56 MP: 7/7
  2153 | D:4      | Found a sparkling altar of Nemelex Xobeh.
  2653 | D:5      | Entered Level 5 of the Dungeon
  2678 | D:4      | Reached skill level 7 in Long Blades
  2969 | D:5      | Noticed Duvessa
  2969 | D:5      | Noticed Dowan
  3461 | D:4      | Reached skill level 8 in Long Blades
  3461 | D:4      | Reached XP level 8. HP: 14/65 MP: 8/8
  3765 | D:5      | Noticed Prince Ribbit
  3842 | D:5      | Killed Prince Ribbit
  3906 | D:5      | Found Akheico's Armour Emporium.
  4265 | D:7      | Reached skill level 9 in Long Blades
  4418 | D:7      | Found a shadowy altar of Dithmenos.
  4440 | D:7      | Reached XP level 9. HP: 72/72 MP: 9/9
  4493 | D:7      | Reached skill level 10 in Long Blades
  4891 | D:6      | Found a blossoming altar of Fedhas.
  5255 | D:6      | Found a staircase to the Ecumenical Temple.
  5283 | Temple   | Entered the Ecumenical Temple
  5863 | D:7      | Reached skill level 11 in Long Blades
  6259 | D:8      | Found an ornate altar of the Wu Jian Council.
  6260 | D:8      | Found a radiant altar of Vehumet.
  6261 | D:8      | Found a sacrificial altar of Ru.
  6262 | D:8      | Found a snail-covered altar of Cheibriados.
  6263 | D:8      | Found a stormy altar of Qazlal.
  6264 | D:8      | Got a steaming helmet
  6274 | D:8      | Identified the -4 helmet "Otzatac" {rC+} (You found it on
                  | level 8 of the Dungeon)
  6287 | D:8      | Became a worshipper of Cheibriados the Contemplative
  6432 | D:8      | Noticed Joseph
  6610 | D:8      | Killed Joseph
  6611 | D:8      | Reached XP level 10. HP: 8/83 MP: 10/10
  7128 | D:5      | Killed Duvessa
  7129 | D:5      | Reached skill level 12 in Long Blades
  7136 | D:5      | Killed Dowan
  7508 | D:8      | Noticed Erica
  7523 | D:8      | Gained mutation: You are partially covered in large bone
                  | plates. (SH +4) [potion of mutation]
  7523 | D:8      | Gained mutation: You are partially covered in yellow
                  | scales. (AC +2) [potion of mutation]
  7535 | D:8      | Killed Erica
  7805 | D:8      | Reached * piety under Cheibriados
  7976 | D:9      | Found a staircase to the Orcish Mines.
  8101 | D:9      | Reached ** piety under Cheibriados
  8211 | D:9      | Noticed a two-headed ogre
  8215 | D:9      | Killed from afar by a meliai

Illustrated notes

Levels and vault maps discovered:
D:1:      dpeg_arrival_orchard, layout_basic
D:2:      layout_basic, kennysheep_decorative_pillar
D:3:      layout_rooms
D:4:      layout_basic, overflow_temple_1_default, minmay_unequal
D:5:      layout_rooms, serial_shops, nicolae_shop_window_shopping,
          uniq_prince_ribbit1, uniq_duvessa
D:6:      layout_cave_pods, minmay_temple_entry_overgrown, basic_altar
D:7:      layout_basic, grunt_dithmenos_shadows
D:8:      layout_basic, minitemple, roderic_roman_lattice,
          chequers_serial_rivers_small_3, uniq_joseph, uniq_erica
D:9:      layout_irregular_city, zombieorc2_lemuel, kennysheep_generic_room_6
Temple:   eino_wide_crystal_templ

Skill      XL: |  1  2  3  4  5  6  7  8  9 10 |
---------------+-------------------------------+-----
Long Blades    | 3 4 5 6 8 9 11 12 | 12.9
Armour         | 4 5 6 7 9 |  9.9
Fighting       | 4 5 6 7 9 |  9.9
Shields        | |  3.2

Action                   |  1- 3 |  4- 6 |  7- 9 | 10-12 || total
-------------------------+-------+-------+-------+-------++-------
Melee: Long sword        |   106 |   193 |   603 |    21 ||   923
       Scimitar          |       |       |       |    78 ||    78
       Falchion          |       |       |       |    50 ||    50
Throw: Javelin           |       |     4 |       |       ||     4
 Abil: Hop               |       |     1 |     1 |     1 ||     3
  Use: Scroll            |       |       |     4 |     5 ||     9
       Potion            |       |       |       |     6 ||     6
Armor: Scale mail        |    68 |    73 |   264 |    59 ||   464
       Skin              |       |       |       |     2 ||     2
Dodge: Dodged            |    29 |    57 |   156 |    36 ||   278
Block: Kite shield       |    67 |    91 |   307 |    70 ||   535
       Rpst.: Long sword |    13 |    17 |    45 |       ||    75
       Falchion          |       |       |       |     5 ||     5
       Scimitar          |       |       |       |     5 ||     5
